 Dungeon Crawl Stone Soup version 0.30.0-15-g856e2d3f33 (webtiles) character file.

Game seed: 17449956910185570606

725 SnakkuSnakku7 the Ruffian (level 7, -3/57 HPs)
             Began as a Ghoul Hexslinger on May 20, 2023.
             Was a Follower of Uskayaw.
             Slain by a gnoll bouda
             ... wielding a +0 club
              (7 damage)
             ... on level 6 of the Dungeon.
             The game lasted 00:06:33 (4318 turns).

SnakkuSnakku7 the Ruffian (Ghoul Hexslinger)        Turns: 4318, Time: 00:06:34

Health: -3/57      AC:  7    Str: 16    XL:     7   Next: 71%
Magic:  7/7        EV: 10    Int:  8    God:    Uskayaw [*.....]
Gold:   305        SH:  4    Dex:  9    Spells: 7/8 levels left

rFire   . .          .
                       - Unarmed
rCold   + . .        A - +0 buckler
rNeg    + + +        F - +0 swamp dragon scales
rPois   ∞            (no helmet)
rElec   .            (no cloak)
rCorr   .            (no gloves)
SInv    .            (no boots)
Will    ++...        (no amulet) Stlth
                     e - ring of willpower
HPRegen 0.00/turn    B - ring of willpower
MPRegen 0.10/turn

%: no passive effects
@: inhibited regen
A: claws 1, cold resistance 1, negative energy resistance 3, inhibited
regeneration, torment resistance 2, devour on kill
a: Renounce Religion, Stomp


You were on level 6 of the Dungeon.
You worshipped Uskayaw.
Uskayaw was noncommittal.
You visited 1 branch of the dungeon, and saw 6 of its levels.

You collected 305 gold pieces.

Inventory:

Hand Weapons
 a - a +1 sling
Missiles
 p - 6 poisoned darts (quivered)
Armour
 t - the +2 robe "Qiegiunt" {Will+ Str+2}
   (You found it on level 3 of the Dungeon)

   Str:       It affects your strength (+2).
   Will:      It increases your willpower.
 A - a +0 buckler (worn)
 F - +0 swamp dragon scales (worn)
Jewellery
 e - a ring of willpower (left claw)
 B - a ring of willpower (right claw)
 D - a +6 ring of strength
Wands
 u - a wand of light (5)
 y - a wand of polymorph (11)
Scrolls
 b - a scroll of poison
 d - a scroll of acquirement {unknown}
 f - a scroll of immolation
 i - a scroll of torment {unknown}
 l - a scroll of fear
 m - a scroll of teleportation
 n - 2 scrolls of fog {unknown}
 r - a scroll of identify {unknown}
 w - a scroll of blinking {unknown}
 E - a scroll of amnesia {unknown}
Potions
 g - 3 potions of heal wounds {unknown}
 h - 2 potions of magic
 j - a potion of lignification {unknown}
 o - a potion of invisibility {unknown}
 q - a potion of curing {unknown}
 s - a potion of cancellation {unknown}
 v - a potion of mutation {unknown}
 x - 2 potions of flight {unknown}
 z - a potion of berserk rage {unknown}


   Skills:
 - Level 3.1 Fighting
 - Level 1.7 Ranged Weapons
 - Level 3.0 Throwing
 - Level 1.7 Dodging
 + Level 2.2 Shields
 + Level 6.7 Unarmed Combat
 - Level 1.0 Spellcasting
 - Level 2.4 Hexes


You had 7 spell levels left.
You knew the following spells:

 Your Spells              Type           Power      Damage    Failure   Level
a - Slow                  Hex            16%        N/A       36%         1

Your spell library contained the following spells:

 Spells                   Type           Power      Damage    Failure   Level
 Ensorcelled Hibernation  Hex/Ice        4%         N/A       67%         2
 Sandblast                Erth           0%         2d4       69%         1
 Passwall                 Tmut/Erth      0%         N/A       83%         2
 Inner Flame              Hex/Fire       2%         N/A       88%         3
 Portal Projectile        Hex/Tloc       4%         N/A       88%         3
 Stone Arrow              Conj/Erth      0%         3d7       96%         3
 Cause Fear               Hex            2%         N/A       98%         4
 Anguish                  Hex/Necr       1%         N/A       99%         4
 Spider Form              Tmut/Pois      Unusable   N/A       N/A         3

Dungeon Overview and Level Annotations

Branches:
Dungeon (6/15)             Temple (0/1) D:5

Altars:
Cheibriados
Dithmenos
Makhleb
Nemelex Xobeh
Uskayaw


Innate Abilities, Weirdness & Mutations

You are immune to poison.
You have sharp fingernails.
Your flesh is cold resistant. (rC+)
You are immune to negative energy. (rN+++)
You do not regenerate when monsters are visible.
You are immune to unholy pain and torment.
You thrive by killing the living.


Message History

The bolt of light misses the gnoll bouda.
The bolt of light hits the iguana!
The iguana is heavily wounded.
The iguana is blinded.
The two-headed ogre closely misses you.
The two-headed ogre hits you with a +0 giant club!
* * * LOW HITPOINT WARNING * * *
You can now pass through a line of other dancers.
Your Shields skill increases to level 2!
Unknown command.
Unknown command.
Throw: throwing net
Press: ? - help, Shift-Dir - straight line, f - two-headed ogre
Aim: a two-headed ogre, wielding a +0 great mace and a +0 giant club (72% to hit)
You throw a throwing net.
The throwing net hits the two-headed ogre.
The two-headed ogre is caught in the net!
An orc warrior comes into view. It is wielding a +0 mace.
Unknown command.
The gnoll bouda barely misses you.
The two-headed ogre struggles against the net.
A shadow imp comes into view.
The two-headed ogre struggles against the net.
The two-headed ogre struggles against the net.
You can no longer pass through a line of other dancers.
You see here a scroll of teleportation.
The gnoll bouda attacks as you move away!
The gnoll bouda hits you with a +0 club!
* * * LOW HITPOINT WARNING * * *
A hound comes into view.
The hound barks!
Aiming: Bolt of Light
Press: ? - help, Shift-Dir - straight line, f - orc warrior
Aim: an orc warrior, wielding a +0 mace, wearing a +0 plate armour and wearing a +6 ring of dexterity (71% to hit)
The bolt of light hits the gnoll bouda!
The gnoll bouda is severely wounded.
The gnoll bouda is blinded.
The bolt of light hits the orc warrior but does no damage.
The orc warrior is blinded.
The gnoll bouda hits you with a +0 club!
You die...

.... # #...# #.#...#
## .#...#..= ?....
.# ##..###$#
#.#######...h...#
.......@g....#.o #
.#......##?.l#.###$#
....####.#..o#)....#
#.. #.#...oO#.....#
# #.##....#.###.#
#.###...#..... #..#
#. ##.....# #..#
#.####.....# #..#
#.#........#


You could see an orc warrior (blind), a gnoll bouda (blind), an iguana (blind)
and a hound.

Vanquished Creatures
  A phantom (D:5)
  A kobold brigand (D:6)
  A bullfrog (D:4)
  3 hounds
  Jessica (D:3)
  A gnoll bouda (D:3)
  A sleepcap (D:5)
  An iguana (D:4)
  12 gnolls
  11 adders
  2 ufetubi (D:5)
  3 worms
  4 dart slugs
  6 endoplasms
  13 goblins
  10 hobgoblins
  12 jackals
  2 quokkas
  7 ball pythons
  A bat (D:1)
  7 frilled lizards
  3 kobolds
  7 rats
110 creatures vanquished.

Notes
Turn   | Place    | Note
-------+----------+-------------------------------------------
     0 | D:1      | SnakkuSnakku7 the Ghoul Hexslinger began the quest for the
                  | Orb.
     0 | D:1      | Reached XP level 1. HP: 16/16 MP: 1/1
   155 | D:1      | Reached skill level 1 in Unarmed Combat
   162 | D:1      | Reached XP level 2. HP: 9/24 MP: 2/2
   426 | D:1      | Reached XP level 3. HP: 28/29 MP: 3/3
   637 | D:1      | Reached skill level 2 in Unarmed Combat
  1062 | D:2      | Reached XP level 4. HP: 35/38 MP: 4/4
  1205 | D:2      | Found a faded altar of an unknown god.
  1544 | D:3      | Found a shadowy altar of Dithmenos.
  1731 | D:3      | Found a sparkling altar of Nemelex Xobeh.
  1731 | D:3      | Found a transporter.
  1747 | D:3      | Identified the +2 robe "Qiegiunt" {Will+ Str+2}
  1917 | D:3      | Noticed a +0 dagger
  1918 | D:3      | Noticed a +0 short sword
  1920 | D:3      | Noticed a +0 spear
  1920 | D:3      | Noticed a +0 falchion
  1921 | D:3      | Noticed a +0 dagger
  1926 | D:3      | Noticed a +0 short sword
  1927 | D:3      | Noticed a +0 spear
  1928 | D:3      | Noticed a +0 falchion
  1929 | D:3      | Found a hide-covered altar of Uskayaw.
  1995 | D:3      | Became a worshipper of Uskayaw the Reveller
  2085 | D:3      | Reached * piety under Uskayaw
  2089 | D:3      | Reached skill level 3 in Unarmed Combat
  2092 | D:3      | Reached ** piety under Uskayaw
  2095 | D:3      | Reached skill level 1 in Throwing
  2188 | D:3      | Noticed Jessica
  2196 | D:3      | Killed Jessica
  2197 | D:3      | Reached XP level 5. HP: 41/45 MP: 5/5
  2335 | D:4      | Reached *** piety under Uskayaw
  2363 | D:4      | Identified the +5 mace of Victory {drain, Dex+3}
  2374 | D:3      | Reached skill level 4 in Unarmed Combat
  2537 | D:3      | Reached XP level 6. HP: 15/51 MP: 6/6
  3018 | D:4      | Reached **** piety under Uskayaw
  3019 | D:4      | Reached skill level 5 in Unarmed Combat
  3164 | D:4      | Found a snail-covered altar of Cheibriados.
  3303 | D:5      | Entered Level 5 of the Dungeon
  3361 | D:5      | Found a staircase to the Ecumenical Temple.
  3373 | D:5      | Reached XP level 7. HP: 45/57 MP: 7/7
  3461 | D:5      | Found a burning altar of Makhleb.
  3517 | D:5      | Reached skill level 6 in Unarmed Combat
  3797 | D:5      | Reached skill level 1 in Shields
  4304 | D:6      | Noticed a two-headed ogre
  4318 | D:6      | Slain by a gnoll bouda

Illustrated notes

Levels and vault maps discovered:
D:1:      amcnicky_arrival_underground_garden, layout_basic,
          amcnicky_mini_rare_corridor_liquid
D:2:      layout_basic, basic_ecumenical_altar,
          nicolae_concentric_dashed_squares_mild
D:3:      layout_loops_ring, grunt_dithmenos_smoke, grunt_nemelex_the_gamble,
          nicolae_uskayaw_en_pointe, uniq_jessica
D:4:      layout_rooms, kennysheep_mini, chequers_serial_rivers_micro_b
D:5:      layout_cave_pools, mainiacjoe_overflow_cross_hatched,
          minmay_temple_entry_statues_pillars, minmay_tree_intersection
D:6:      hangedman_cross_stitches, layout_loops_ring,
          nicolae_yredelemnul_corpse_copse, nicolae_ru_great_annihilating_truth

Skill      XL: |  1  2  3  4  5  6  7 |
---------------+----------------------+-----
Unarmed Combat | 1 2 3 4 5 6 |  6.7
Fighting       | 2 3 |  3.1
Throwing       | 1 2 3 |  3.0
Shields        | 2 |  2.2
Ranged Weapons | |  1.7
Dodging        | |  1.7
Spellcasting   | |  1.0
Hexes          | |  2.4

Action                     |  1- 3 |  4- 6 |  7- 9 || total
---------------------------+-------+-------+-------++-------
  Melee: Unarmed           |   103 |   225 |    77 ||   405
         Punch             |     1 |     6 |     2 ||     9
   Fire: Sling             |    36 |       |       ||    36
  Throw: Dart              |       |     5 |       ||     5
         Throwing net      |       |       |     1 ||     1
  Evoke: Wand              |       |     2 |     4 ||     6
    Use: Potion            |       |     1 |       ||     1
         Scroll            |       |     3 |       ||     3
   Stab: Paralysed         |       |     4 |       ||     4
 Armour: Robe              |     4 |       |       ||     4
         Ring mail         |    33 |    83 |    13 ||   129
         Swamp dragon scal |       |       |     5 ||     5
  Dodge: Dodged            |    64 |   115 |    41 ||   220
  Block: Buckler           |       |       |     2 ||     2
